General information
- name: grudge24
- type: Ladder 1vs1/FFA
- host: BEAR_AND
- saver: BEAR_AND
map: SantasStand
- players: 7
- length: 09:32
- speed: Fast
- version: 1.21 W3XP
- replay type:

» download(37 KB)
Players
team 1 (loser)

»
WWGT]POLO (
orange | 111 APM | 1059 actions | 09:31)
2 Demon Hunter
1 Mana Burn
1 Evasion
1 Naga Sea Witch
1 Frost Arrows
» actions
| Assign group hotkey | 15 | |
| Build / train | 35 | |
| Enter build submenu | 9 | |
| Enter hero's abilities submenu | 3 | |
| Right click | 534 | |
| Select / deselect | 308 | |
| Select group hotkey | 123 | |
| Use ability | 32 | |
1059 total
» units
» buildings
| Altar of Elders | 1 | |
| Moon Well | 4 | |
| Ancient of War | 2 | |
| Tree of Ages | 3 | |
| Hunter's Hall | 1 | |
11 total
» build order
00:05 Altar of Elders
00:09 Moon Well
00:25 Ancient of War
01:39 Moon Well
03:17 Tree of Ages
04:06 Tree of Ages
04:11 Moon Well
05:35 Hunter's Hall
05:39 Ancient of War
08:58 Moon Well
team 2 (winner)
WWGT]Amora (
red | 133 APM | 1264 actions | 09:32)
2 Demon Hunter
1 Mana Burn
1 Evasion
2 Pandaren Brewmaster
1 Breath of Fire
1 Drunken Haze
» actions
| Assign group hotkey | 15 | |
| Basic commands | 12 | |
| Build / train | 40 | |
| Enter build submenu | 12 | |
| Enter hero's abilities submenu | 4 | |
| Right click | 642 | |
| Select / deselect | 109 | |
| Select group hotkey | 411 | |
| Use ability | 19 | |
1264 total
» units
| Wisp | 14 | |
| Archer | 10 | |
| Dryad | 3 | |
| Druid of the Claw | 1 | |
28 total
» upgrades
| Druid of the Claw Training | 1 | |
1 total
» buildings
| Altar of Elders | 1 | |
| Moon Well | 5 | |
| Ancient of War | 1 | |
| Tree of Ages | 1 | |
| Hunter's Hall | 1 | |
| Ancient of Wonders | 2 | |
| Ancient of Lore | 2 | |
| Tree of Eternity | 1 | |
14 total
» build order
00:08 Altar of Elders
00:19 Moon Well
00:47 Ancient of War
01:23 Moon Well
03:00 Tree of Ages
03:22 Moon Well
04:07 Hunter's Hall
04:20 Ancient of Wonders
05:33 Ancient of Lore
05:39 Ancient of Lore
06:03 Moon Well
06:31 Ancient of Wonders
06:51 Tree of Eternity
08:56 Moon Well
» items
| Potion of Lesser Invulnerability | 1 | |
1 total
observersBEAR_AND,
ActionJackson2,
iggy_the_fisk,
DIRTMCWORDUP,
ElectricCoolAid Chat log
(00:07 / Observers) iggy_the_fisk: can u find the summer trees
(00:09 / Observers) iggy_the_fisk: get a present
(00:19 / Observers) DIRTMCWORDUP: my namea bear and
(00:23 / Observers) DIRTMCWORDUP: i cant edit maps for shit
(00:24 / Observers) BEAR_AND: fuck
(00:25 / Observers) BEAR_AND: you
(00:29 / Observers) iggy_the_fisk: dyyyyyyyyyyraaaaaaaaaaddddddddd
(00:33 / Observers) ActionJackson2: who made these
(00:35 / Observers) BEAR_AND: me
(00:51 / Observers) ActionJackson2: how long did it take
(00:56 / Observers) DIRTMCWORDUP: im guessing 15 seconds
(00:58 / Observers) BEAR_AND: an hour for all the maps ? something like that
(01:00 / Observers) DIRTMCWORDUP: judging by how well it was done
(01:01 / Observers) BEAR_AND: prob less
(01:05 / All) WWGT]POLO: RATS
(01:09 / Observers) DIRTMCWORDUP: get it
(01:14 / Observers) ActionJackson2: OH DAMN
(01:15 / Observers) DIRTMCWORDUP: he missed a lot of trees and creeps
(01:17 / Observers) ActionJackson2: SNAPPLES
(01:23 / Observers) BEAR_AND: i missed creeps on one mpa
(01:27 / Observers) BEAR_AND: and one creep
(01:28 / Observers) DIRTMCWORDUP: no
(01:31 / Observers) DIRTMCWORDUP: like 5 camp
(01:32 / Observers) DIRTMCWORDUP: s
(01:34 / Observers) DIRTMCWORDUP: you fucked up on
(01:35 / Observers) DIRTMCWORDUP: owned
(01:36 / Observers) BEAR_AND: yeah but it's one guy
(01:38 / Observers) BEAR_AND: the forest troll
(01:39 / Observers) ActionJackson2: I spent like 40hrs+
(01:43 / Observers) ActionJackson2: and it came out like shit
(01:51 / Observers) ActionJackson2: I decided never to waste my time on it again
(01:58 / Observers) ActionJackson2: altho
(02:06 / Observers) ActionJackson2: the coolest thing I did do in an hour was take twisted meadows
(02:06 / Observers) DIRTMCWORDUP: the more you make maps the faster/better you make them
(02:11 / Observers) ActionJackson2: and put 4 taverns in the center
(02:16 / Observers) ActionJackson2: so you can make any hero
(02:29 / Observers) ActionJackson2: pretty imbal but pretty fun
(02:59 / Observers) ActionJackson2: the DH is just checkin it out
(03:38 / Observers) ElectricCoolAid: this isjust terenas stand
(03:41 / Observers) ElectricCoolAid: with a different skin
(03:43 / Observers) iggy_the_fisk: O_O
(03:55 / Observers) BEAR_AND: are u serious
(03:56 / Observers) ElectricCoolAid: everythign else is identical
(04:00 / Observers) BEAR_AND: i thought i had a good map here
(04:08 / Observers) DIRTMCWORDUP: i told yuou
(04:12 / Observers) iggy_the_fisk: polo doesn't like teching
(04:17 / Observers) iggy_the_fisk: maybe he high?++++
(04:19 / Observers) DIRTMCWORDUP: 2 thing u never trust bear and about.........................vetrilo and chanign maps
(04:35 / Observers) DIRTMCWORDUP: he didnt sound high on cod
(04:38 / Observers) iggy_the_fisk: think u gonna win map contest with blizz map...
(05:49 / Observers) iggy_the_fisk: panda
(06:07 / Observers) iggy_the_fisk: stnading around
(06:11 / Observers) iggy_the_fisk: defending the village
(06:43 / Observers) ActionJackson2: pretty quiet in here
(06:48 / Observers) BEAR_AND: we all on vent
(06:49 / Observers) DIRTMCWORDUP: we on vent
(06:56 / Observers) ActionJackson2: jesus Herbert christ
(07:00 / Observers) ActionJackson2: wtf is the vent
(07:03 / Observers) BEAR_AND: i'll aim you it
(07:04 / Observers) BEAR_AND: tab out
(07:08 / Observers) ActionJackson2: k
(07:08 / Observers) ElectricCoolAid: i have one if you want to use it
(07:11 / Observers) ActionJackson2: hopefully wont lag out
(07:12 / Observers) ElectricCoolAid: aim it to me too AJ
(07:17 / Observers) DIRTMCWORDUP: nope
(07:19 / Observers) ActionJackson2: i aint gettin in troubles
(07:20 / Observers) DIRTMCWORDUP: private vent sorry.
(07:24 / Observers) ElectricCoolAid: dont be gay
(07:29 / Observers) ActionJackson2: eca u proby gotta be a SA forumer
(07:41 / Observers) ElectricCoolAid: these n00bs are on SA?
(07:49 / Observers) ActionJackson2: i havent used vent in 115yrs
(07:51 / Observers) BEAR_AND: this a sa/clan towa/highper.ch tournament
(07:53 / Observers) iggy_the_fisk: all day posting....
(07:54 / Observers) ActionJackson2: yea we all SA doods
(08:11 / Observers) DIRTMCWORDUP: guy chilling
(08:19 / Observers) iggy_the_fisk: i like to think of myself as more than a games poster than a SA poster you know?
(08:23 / Observers) iggy_the_fisk: how i identify myself
(08:28 / All) WWGT]POLO: fuk
(08:37 / Observers) DIRTMCWORDUP: god even i wouldnt want to be identified as games poster
(08:56 / Observers) BEAR_AND: i like to think of myself as a high end troll that happens to troll sa
(09:07 / Observers) DIRTMCWORDUP: hey maybe get banned or a probation
(09:09 / Observers) iggy_the_fisk: i lbalrrrrrrrrrrrrrrgh
(09:09 / Observers) DIRTMCWORDUP: then you a troller
(09:13 / Observers) BEAR_AND: i guess we all met from somthing awful though
(09:29 / All) WWGT]POLO: gg